 Dungeon Crawl Stone Soup version 0.26.1-11-gd32895ea62 (webtiles) character file.

Game seed: 6900512983707693385

415 tardwrangler69 the Spear-Bearer (level 6, 0/48 HPs)
             Began as a Merfolk Gladiator on Apr 27, 2021.
             Slain by Blork the orc
             ... wielding a +0 scimitar
              (10 damage)
             ... on level 4 of the Dungeon.
             The game lasted 00:04:12 (4320 turns).

tardwrangler69 the Spear-Bearer (Merfolk Gladiator) Turns: 4320, Time: 00:04:12

Health: 0/48       AC:  5    Str: 16    XL:     6   Next: 92%
Magic:  6/6        EV: 15    Int:  7    God:
Gold:   197        SH:  4    Dex: 16    Spells: 5/5 levels left

rFire    . . .     SeeInvis .   a - +1 trident
rCold    . . .     Faith    .   p - +0 buckler
rNeg     . . .     Spirit   .   b - +0 leather armour
rPois    .         Reflect  .   c - +1 helmet
rElec    .         Harm     .   (no cloak)
rCorr    +         Rampage  .   (no gloves)
Will     .....                  (no boots)
Stlth    +.........             (no amulet)
HPRegen  0.16/turn              f - ring of resist corrosion
MPRegen  0.10/turn              m - ring of flight

@: brilliant
A: change form in water, swift swim, stealthy swim
a: Evoke Flight


You were on level 4 of the Dungeon.
You visited 1 branch of the dungeon, and saw 5 of its levels.

You collected 255 gold pieces.
You spent 58 gold pieces at shops.

Inventory:

Hand Weapons
 a - a +1 trident (weapon)
Missiles
 d - 3 throwing nets (quivered)
Armour
 b - a +0 leather armour (worn)
 c - a +1 helmet (worn)
 p - a +0 buckler (worn)
Jewellery
 f - a ring of resist corrosion (left hand)
 m - a ring of flight (right hand)
Scrolls
 e - a scroll of teleportation
 g - 4 scrolls of identify
Potions
 q - 2 potions of cancellation


   Skills:
 + Level 4.2 Fighting
 * Level 8.3 Polearms
 - Level 2.0 Throwing
 - Level 5.8 Dodging
 + Level 0.8 Shields


You had 5 spell levels left.
You didn't know any spells.
Your spell library contained the following spells:

 Spells                   Type           Power        Failure   Level
 Corona                   Hex            0%           65%         1
 Corpse Rot               Necr/Air       N/A          78%         2
 Slow                     Hex            0%           78%         2
 Sublimation of Blood     Necr           0%           78%         2
 Inner Flame              Hex/Fire       0%           95%         3
 Portal Projectile        Hex/Tloc       0%           95%         3
 Cause Fear               Hex            0%           100%        4
 Dispel Undead            Necr           0%           100%        4
 Leda's Liquefaction      Hex/Erth       0%           100%        4
 Agony                    Necr           0%           100%        5
 Excruciating Wounds      Necr           0%           100%        5


Dungeon Overview and Level Annotations

Branches:
Dungeon (5/15)
 Temple: D:4-7

Altars:
Makhleb
Nemelex Xobeh
Wu Jian

Shops:
D:4 [

Annotations:
D:4 Blork the orc


Message History

You feel clever all of a sudden.
Blork the orc hits you with a +0 scimitar!
You hit Blork the orc but do no damage. Blork the orc closely misses you.
You puncture Blork the orc!
Blork the orc is moderately wounded.
Blork the orc points at you and mumbles some strange words.
The magic dart hits you!
You closely miss Blork the orc.
Blork the orc is moderately wounded.
Blork the orc gestures at you while chanting.
The puff of frost hits you.
* * * LOW HITPOINT WARNING * * *
You puncture Blork the orc!
Blork the orc is severely wounded.
Blork the orc screams, "I'll cover the dungeon with your blood!"
Blork the orc misses you.
You closely miss Blork the orc.
Blork the orc is severely wounded.
Blork the orc hits you with a +0 scimitar!
You die...

#..###.#########.#.#.#.#.
#..............#.#.#.#.#.
###.##.#######.#.#.#.#.#†
#..#.# #.#.#.#.#.#. ##.#.#
#.#.#.#...#. #...#
#.#.#.#####. ##..#
#...#.......
#..#######.#.########
#.>o@........#
##########.###
############ #.#
#..........# #.#
#..........# #.#
#..........########.#
#.................#.######
##########...............#
#........[......#


You could see Blork the orc.

Vanquished Creatures
  A scorpion (D:5)
  3 orc priests
  A hound (D:5)
  3 worker ants (D:4)
  3 gnolls (D:4)
  5 adders
  An ooze (D:4)
  An adder skeleton (D:4)
  A worm (D:4)
  2 dart slugs
  5 leopard geckos
  11 orcs
  4 bats
  6 giant cockroaches
  7 goblins
  9 hobgoblins
  5 kobolds
  4 quokkas
  A ball python (D:2)
  3 frilled lizards
  6 rats
82 creatures vanquished.

Notes
Turn   | Place    | Note
-------+----------+-------------------------------------------
     0 | D:1      | tardwrangler69 the Merfolk Gladiator began the quest for
                  | the Orb.
     0 | D:1      | Reached XP level 1. HP: 16/16 MP: 1/1
    79 | D:1      | Reached XP level 2. HP: 23/23 MP: 2/2
   156 | D:1      | Reached skill level 5 in Polearms
   450 | D:1      | Reached XP level 3. HP: 23/28 MP: 3/3
  1267 | D:2      | Found an ornate altar of the Wu Jian Council.
  1316 | D:2      | Reached skill level 6 in Polearms
  1316 | D:2      | Reached XP level 4. HP: 4/35 MP: 4/4
  1678 | D:2      | You fall into a shaft and drop 1 floor!
  2039 | D:3      | Reached skill level 5 in Dodging
  2132 | D:3      | Found a sparkling altar of Nemelex Xobeh.
  2170 | D:3      | Reached XP level 5. HP: 22/41 MP: 5/5
  3069 | D:4      | Reached skill level 7 in Polearms
  3129 | D:4      | Reached XP level 6. HP: 25/48 MP: 6/6
  3576 | D:4      | Found a burning altar of Makhleb.
  3576 | D:4      | Noticed a balrug
  3937 | D:4      | Found Weghate's Armour Emporium.
  3940 | D:4      | Bought a +0 buckler for 58 gold pieces
  3992 | D:5      | Entered Level 5 of the Dungeon
  3993 | D:5      | Noticed a phantom
  4064 | D:5      | Noticed a black bear
  4105 | D:5      | Reached skill level 8 in Polearms
  4308 | D:5      | Noticed Blork the orc
  4320 | D:4      | Slain by Blork the orc

Illustrated notes

Levels and vault maps discovered:
D:1:      amcnicky_arrival_double_pillar, layout_basic
D:2:      layout_loops_ring, lemuel_doored_altar, okawaru_trees_2,
          dk_noncrumbling_3
D:3:      layout_basic, kennysheep_decorative_pillar, minivault_19,
          nemelex_xobeh_ov_fountains_minmay
D:4:      layout_basic, serial_shops, kennysheep_mini_moat,
          makhleb_altar_promises_db
D:5:      layout_gridville, grunt_temple_overflow_order_and_chaos_1,
          general_overflow_altar, minmay_temple_entry_antechambers,
          uniq_blork_the_orc

Skill      XL: |  1  2  3  4  5  6 |
---------------+-------------------+-----
Polearms       | 5 6 7 8 |  8.3
Fighting       | 3 4 |  4.2
Dodging        | 5 |  5.8
Throwing       | |  2.0
Shields        | |  0.8

Action                   |  1- 3 |  4- 6 || total
-------------------------+-------+-------++-------
Melee: Trident           |   100 |   200 ||   300
  Use: Potion            |     4 |     1 ||     5
       Scroll            |       |     8 ||     8
 Stab: Sleeping          |     2 |       ||     2
       Invisible         |     1 |       ||     1
Armor: Leather armour    |    17 |    30 ||    47
Dodge: Dodged            |    65 |   118 ||   183
Block: Buckler           |       |     1 ||     1
